 Dungeon Sprint DCSS version 0.27-a0-1119-gbf574a6a6b (webtiles) character file.

Game seed: 6348741306269753642

8478 mhtbhm the Scorcher (level 11, -3/55 HPs)
             Began as a Deep Elf Fire Elementalist on May 2, 2021.
             Was the Champion of Vehumet.
             Shot with a bolt by a yaktaur (31 damage)
             ... in the Dungeon (Sprint V: "Ziggurat Sprint").
             The game lasted 00:04:33 (1219 turns).

mhtbhm the Scorcher (Deep Elf Fire Elementalist)    Turns: 1219, Time: 00:04:34

Health: -3/55      AC: 10    Str:  5    XL:     11   Next: 10%
Magic:  24/33      EV: 17    Int: 36    God:    Vehumet [******]
Gold:   0          SH:  0    Dex: 15    Spells: 17/42 levels left

rFire    + . .     SeeInvis .   C - +8 lance "Wyrmbane" {slay drac, rPois rF+ rC+ AC+3}
rCold    + + .     Faith    .   (no shield)
rNeg     . . .     Spirit   .   a - +2 robe {rC+}
rPois    +         Reflect  .   (no helmet)
rElec    .         Harm     .   G - +2 cloak {rPois}
rCorr    .         Rampage  .   (no gloves)
Will     +....     NoTele   +   (no boots)
Stlth    ++........             r - amulet of magic regeneration
HPRegen  0.18/turn              u - +6 ring of intelligence
MPRegen  0.48/turn              v - +6 ring of intelligence

@: no status effects
A: no striking features
a: Renounce Religion


You were in the Dungeon.
You worshipped Vehumet.
Vehumet was exalted by your worship.
You visited 1 branch

Inventory:

Hand Weapons
 C - the +8 lance "Wyrmbane" (weapon) {slay drac, rPois rF+ rC+ AC+3}
   (You found it in the Dungeon)

   It affects your AC (+3).
   It protects you from fire.
   It protects you from cold.
   It protects you from poison.
Armour
 a - a +2 robe of cold resistance (worn)
 G - a +2 cloak of poison resistance (worn)
Jewellery
 r - an amulet of magic regeneration (around neck)
 u - a +6 ring of intelligence (left hand)
 v - a +6 ring of intelligence (right hand)
Wands
 y - a wand of mindburst (7)
 z - a wand of iceblast (4)
 A - a wand of acid (6)
Scrolls
 b - 4 scrolls of amnesia
 h - 4 scrolls of blinking
 i - 7 scrolls of fog
 j - a scroll of holy word
 k - 5 scrolls of identify
 l - 2 scrolls of fear
 s - a scroll of brand weapon
 H - a scroll of acquirement
Potions
 c - 10 potions of curing
 d - 8 potions of heal wounds
 e - 6 potions of haste
 f - 7 potions of magic
 g - 3 potions of berserk rage
 m - 2 potions of brilliance
 n - 2 potions of invisibility
 o - 4 potions of resistance
 p - a potion of experience
 q - 5 potions of might
Miscellaneous
 t - a condenser vane
 w - a piece from Xom's chessboard (15/15)
 x - a tin of tremorstones (2/2)
 B - a lightning rod (3/4)
 D - a phantom mirror
 F - a box of beasts


   Skills:
 + Level 0.4 Fighting
 + Level 10.8 Dodging
 - Level 2.8 Stealth
 + Level 16.1 Spellcasting
 + Level 8.0 Conjurations
 + Level 19.5 Fire Magic
 + Level 10.0 Evocations


You had 17 spell levels left.
You knew the following spells:

 Your Spells              Type           Power      Damage    Failure   Level
a - Foxfire               Conj/Fire      100%       2x1d9     0%          1
b - Conjure Flame         Conj/Fire      91%        6-21      0%          3
c - Inner Flame           Hex/Fire       78%        N/A       1%          3
d - Sticky Flame          Conj/Fire      91%        2d10      1%          4
e - Fireball              Conj/Fire      45%        3d18      1%          5
f - Fire Storm            Conj/Fire      45%        8d12      71%         9

Your spell library contained the following spells:

 Spells                   Type           Power      Damage    Failure   Level
 Irradiate                Conj/Tmut      27%        3d22      1%          5
 Animate Skeleton         Necr           58%        N/A       1%          1
 Apportation              Tloc           58%        N/A       1%          1
 Corona                   Hex            32%        N/A       1%          1
 Pain                     Necr           100%       1d9       1%          1
 Shock                    Conj/Air       100%       1d9       1%          1
 Sting                    Tmut/Pois      100%       1d8       1%          1
 Summon Small Mammal      Summ           100%       N/A       1%          1
 Corpse Rot               Necr/Air       N/A        N/A       1%          2
 Ensorcelled Hibernation  Hex/Ice        58%        N/A       1%          2
 Poisonous Vapours        Pois/Air       58%        N/A       1%          2
 Slow                     Hex            29%        N/A       1%          2
 Static Discharge         Conj/Air       55%        N/A       1%          2
 Frozen Ramparts          Ice            58%        1d7       1%          3
 Ignite Poison            Fire/Tmut/Pois 66%        N/A       1%          3
 Mephitic Cloud           Conj/Pois/Air  48%        N/A       1%          3
 Lightning Bolt           Conj/Air       27%        1d44      1%          5
 Portal Projectile        Hex/Tloc       58%        N/A       3%          3
 Swiftness                Air            29%        N/A       3%          3
 Vampiric Draining        Necr           14%        2d8       3%          3
 Airstrike                Air            14%        N/A       3%          4
 Olgreb's Toxic Radiance  Pois           29%        N/A       3%          4
 Animate Dead             Necr           14%        N/A       12%         4
 Cause Fear               Hex            14%        N/A       12%         4
 Dispel Undead            Necr           29%        3d13      12%         4
 Leda's Liquefaction      Hex/Erth       14%        N/A       12%         4
 Borgnjor's Vile Clutch   Necr/Erth      14%        N/A       34%         5
 Death Channel            Necr           14%        N/A       88%         6
 Dispersal                Tloc           14%        N/A       88%         6
 Simulacrum               Ice/Necr       14%        N/A       88%         6
 Chain Lightning          Conj/Air       27%        N/A       97%         8
 Lehudib's Crystal Spear  Conj/Erth      27%        10d7      97%         8
 Absolute Zero            Ice            14%        ∞         100%        9
 Tornado                  Air            14%        N/A       100%        9


Dungeon Overview and Level Annotations

Branches:
Dungeon (1/1)

Altars:
Ashenzari
Cheibriados
Dithmenos
Elyvilon
Fedhas
Gozag
Hepliaklqana
Kikubaaqudgha
Makhleb
Nemelex Xobeh
Okawaru
Qazlal
Ru
Sif Muna
Trog
Uskayaw
Vehumet
Wu Jian
Xom
Yredelemnul
Zin
The Shining One
Beogh
Jiyva
Lugonu


Message History

Aim: a vault guard, wielding a +1 great sword and wearing a +0 chain mail The fireball explodes!
The fireball engulfs the vault guard!!
The vault guard is heavily wounded.
The fireball engulfs the vault guard!!
The vault guard is heavily wounded.
The vault guard shouts!
The fireball engulfs the yaktaur!!
The yaktaur is severely wounded.
The fireball engulfs the vault guard!!
The vault guard is heavily wounded.
The fireball engulfs the lich!
The lich is lightly damaged.
The lich shouts!
You hear a shout!
A vault guard comes into view. It is wielding a +0 bardiche.
A yaktaur captain comes into view. It is wielding a staff of air.
A yaktaur comes into view.
It is wearing the +1 robe "Mimaf" {+Inv Regen+}.
The yaktaur wields a +0 arbalest.
The yaktaur shoots a bolt.
The bolt hits you!!
Unknown command.
Casting: Fireball (safe; 1% risk of failure)
Confirm with . or Enter, or press ? or * to list all spells.
Aiming: Fireball (safe; 1% risk of failure)
Press: ? - help, Shift-Dir - straight line, f/p - vault guard
Aim: a vault guard, wielding a +1 great sword and wearing a +0 chain mail (heavily wounded)
The fireball explodes!
The fireball engulfs the vault guard!!
The vault guard is almost dead.
The fireball engulfs the yaktaur!!
You kill the yaktaur!
Vehumet accepts your kill.
Vehumet offers you knowledge of Irradiate.
The fireball engulfs the vault guard!
The vault guard is severely wounded.
The fireball engulfs the vault guard!!
The vault guard is almost dead.
The yaktaur captain shouts!
The lich gestures wildly while chanting.
The lich seems to speed up.
The yaktaur wields a +0 arbalest.
The yaktaur shoots a bolt.
The bolt hits you!!
Ouch! That really hurt!
You die...

▓..[)))=..▓
▓..ccpLp..▓.....)...▓
▓...).....▓...†.†...▓
▓....pp...▓.....†...▓
▓....p....▓...).....▓
▓.........▓.........▓
▓.........▓.▓.....▓.▓
▓.▓.....▓.▓....©....▓
▓....@....▓▓▓▓▓▓▓▓▓▓▓
▓▓▓▓▓▓▓▓▓▓▓


You could see a lich (fast), a yaktaur captain, 5 vault guards and a yaktaur.

Vanquished Creatures
  A deep elf high priest (D)
  A dancing weapon (D)
  A deep elf knight (D)
  A spriggan druid (D)
  A deep elf archer (D)
  A deep elf pyromancer (D)
  A deep elf zephyrmancer (D)
  A wolf spider (D)
  A black mamba (D)
  A yaktaur (D)
  2 jumping spiders (D)
  2 hornets (D)
  6 spriggans (D)
  2 tarantellas (D)
  A naga (D)
  3 water moccasins (D)
  4 black bears (D)
  A necrophage (D)
  3 wolves (D)
  A phantom (D)
  6 scorpions (D)
  2 mummies (D)
  4 adders (D)
  A shadow imp (D)
  An adder zombie (D)
  A bat zombie (D)
  4 ball pythons (D)
  2 ball python skeletons (D)
  A quokka skeleton (D)
57 creatures vanquished.

Notes
Turn   | Place    | Note
-------+----------+-------------------------------------------
     0 | D        | mhtbhm the Deep Elf Fire Elementalist began the quest for
                  | the Orb.
     0 | D        | Reached XP level 1. HP: 10/10 MP: 6/6
     0 | D        | Found a shimmering blue altar of Sif Muna.
     0 | D        | Found a bloodstained altar of Trog.
     0 | D        | Found a sacrificial altar of Ru.
     0 | D        | Found a stormy altar of Qazlal.
     0 | D        | Found an iron altar of Okawaru.
     2 | D        | Found a sparkling altar of Nemelex Xobeh.
     3 | D        | Found the +6 Majin-Bo {vamp, MP+6 Int+6}
     3 | D        | Found the +9 heavy crossbow "Sniper" {vorpal, Acc+∞ SInv}
     3 | D        | Found the +10 dark maul {vorpal}
     3 | D        | Found the +15 Maxwell's patent armour {-Cast -Tele rElec
                  | Will+ rCorr}
     3 | D        | Found the +18 shield of the Gong {rElec rN+ Will+ EV-5}
     3 | D        | Found the +14 obsidian axe {vorpal, Drain Fly SInv}
     3 | D        | Found the +7 great mace "Firestarter" {inner flame, rF++}
     3 | D        | Found the +6 shillelagh "Devastator" {shatter}
     3 | D        | Found the +11 plutonium sword {Contam Stlth-}
     3 | D        | Found the +8 lance "Wyrmbane" {slay drac, rPois rF+ rC+
                  | AC+3}
     3 | D        | Found the +9 sword of Zonguldrok {reap}
     3 | D        | Found the +13 scythe of Curses {drain, Drain}
     3 | D        | Found the +5 sword of Power {vorpal}
     3 | D        | Found the +7 mace of Variability {chain chaos}
     3 | D        | Found the +7 Singing Sword {vorpal, sonic wave}
     3 | D        | Found the +8 storm bow {elec, penet}
     3 | D        | Found an ancient bone altar of Kikubaaqudgha.
     3 | D        | Found a transporter.
     3 | D        | Found a corrupted altar of Lugonu.
     3 | D        | Found a viscous altar of Jiyva.
     3 | D        | Found a burning altar of Makhleb.
     3 | D        | Found a hazy altar of Hepliaklqana.
     3 | D        | Found an opulent altar of Gozag.
     5 | D        | Found a blossoming altar of Fedhas.
    41 | D        | Became a worshipper of Vehumet
    61 | D        | Entered arena 2.
    61 | D        | Found a transporter.
    63 | D        | Reached skill level 4 in Fire Magic
    63 | D        | Reached XP level 2. HP: 15/15 MP: 6/8
    85 | D        | Entered arena 3.
    85 | D        | Found a transporter.
    87 | D        | Reached * piety under Vehumet
    87 | D        | Offered knowledge of Sandblast by Vehumet.
    88 | D        | Reached skill level 5 in Fire Magic
    89 | D        | Reached skill level 6 in Fire Magic
    89 | D        | Reached XP level 3. HP: 19/19 MP: 9/11
    89 | D        | Reached ** piety under Vehumet
    94 | D        | Learned a level 3 spell: Conjure Flame
    98 | D        | Learned a level 3 spell: Inner Flame
   205 | D        | Entered arena 4.
   205 | D        | Noticed a scorpion
   205 | D        | Noticed a tarantella
   205 | D        | Noticed a scorpion
   205 | D        | Noticed a scorpion
   205 | D        | Found a transporter.
   207 | D        | Killed a scorpion
   207 | D        | Killed a tarantella
   208 | D        | Reached skill level 5 in Dodging
   208 | D        | Reached skill level 10 in Fire Magic
   208 | D        | Reached XP level 4. HP: 24/24 MP: 11/15
   208 | D        | Reached XP level 5. HP: 28/28 MP: 12/17
   208 | D        | Reached *** piety under Vehumet
   209 | D        | Reached skill level 11 in Fire Magic
   209 | D        | Reached XP level 6. HP: 32/32 MP: 14/19
   214 | D        | Learned a level 4 spell: Sticky Flame
   220 | D        | Learned a level 5 spell: Fireball
   225 | D        | Got the Handbook of the Unholy Volcanoes
   329 | D        | Entered arena 5.
   329 | D        | Noticed a water moccasin
   329 | D        | Noticed a water moccasin
   329 | D        | Found a transporter.
   330 | D        | Offered knowledge of Magic Dart by Vehumet.
   331 | D        | Killed a water moccasin
   332 | D        | Reached skill level 12 in Fire Magic
   332 | D        | Killed a water moccasin
   332 | D        | Reached **** piety under Vehumet
   333 | D        | Reached XP level 7. HP: 36/36 MP: 15/22
   350 | D        | Entered arena 6.
   350 | D        | Found a transporter.
   352 | D        | Reached ***** piety under Vehumet
   353 | D        | Reached skill level 10 in Spellcasting
   353 | D        | Reached skill level 13 in Fire Magic
   466 | D        | Entered arena 7.
   466 | D        | Noticed a deep elf archer
   466 | D        | Noticed a deep elf knight
   466 | D        | Noticed a +1 mace of protection
   466 | D        | Noticed a deep elf high priest
   466 | D        | Noticed a deep elf pyromancer
   466 | D        | Noticed a deep elf zephyrmancer
   467 | D        | Found the +8 arc blade {discharge, rElec}
   469 | D        | Killed a deep elf high priest
   469 | D        | Killed a deep elf archer
   469 | D        | Killed a deep elf zephyrmancer
   470 | D        | Reached skill level 16 in Fire Magic
   470 | D        | Reached XP level 8. HP: 24/41 MP: 22/26
   470 | D        | Reached XP level 9. HP: 26/45 MP: 22/27
   470 | D        | Killed a +1 mace of protection
   471 | D        | Killed a deep elf knight
   471 | D        | Killed a deep elf pyromancer
   472 | D        | Reached skill level 17 in Fire Magic
   472 | D        | Reached XP level 10. HP: 30/50 MP: 29/29
   644 | D        | Found a transporter.
   675 | D        | Learned a level 9 spell: Fire Storm
   677 | D        | Entered arena 8.
   678 | D        | Offered knowledge of Searing Ray by Vehumet.
   679 | D        | Reached skill level 5 in Conjurations
   679 | D        | Reached ****** piety under Vehumet
   680 | D        | Reached skill level 10 in Dodging
   680 | D        | Reached skill level 18 in Fire Magic
   681 | D        | Found a transporter.
   693 | D        | Got the Compendium of Warped Weightlessness
   700 | D        | Got the Grimoire of Frigorific Sinister Secrets
   705 | D        | Entered arena 9.
   705 | D        | Noticed a wolf spider
   711 | D        | Killed a wolf spider
   843 | D        | Found a transporter.
   928 | D        | Entered arena 10.
   928 | D        | Noticed a spriggan rider
   928 | D        | Noticed a spriggan druid
   928 | D        | Noticed a spriggan rider
   929 | D        | Offered knowledge of Fulminant Prism by Vehumet.
   930 | D        | Reached skill level 15 in Spellcasting
   930 | D        | Killed a spriggan druid
   931 | D        | Reached skill level 19 in Fire Magic
   931 | D        | Killed a spriggan rider
   933 | D        | Reached XP level 11. HP: 55/55 MP: 24/32
   934 | D        | Found a transporter.
  1098 | D        | Entered arena 11.
  1103 | D        | Reached skill level 10 in Evocations
  1105 | D        | Found a transporter.
  1217 | D        | Entered arena 12.
  1217 | D        | Noticed a vault guard
  1217 | D        | Noticed a vault guard
  1217 | D        | Noticed a vault guard
  1217 | D        | Noticed a vault guard
  1218 | D        | Noticed a lich
  1218 | D        | Noticed a vault guard
  1218 | D        | Noticed a yaktaur captain
  1218 | D        | Identified the +1 robe "Mimaf" {+Inv Regen+}
  1219 | D        | Offered knowledge of Irradiate by Vehumet.
  1219 | D        | Shot with a bolt by a yaktaur

Illustrated notes

Levels and vault maps discovered:
D:        sprint_v [room_start, room_1, room_2, room_3, room_4, room_5, room_6,
          room_7, room_8, room_9, room_10, room_11, room_12, room_13, room_14,
          room_15, room_16, room_17, room_18, room_19, room_20, room_21,
          room_22, room_23, room_24, room_25, room_26, room_27]

Skill      XL: |  1  2  3  4  5  6  7  8  9 10 11 |
---------------+----------------------------------+-----
Dodging        | 3 5 6 7 9 10 | 10.8
Fire Magic     | 4 6 10 11 12 16 17 19 | 19.5
Spellcasting   | 4 7 8 9 12 13 15 16 | 16.1
Conjurations   | 2 4 7 8 |  8.0
Evocations     | 2 3 4 6 8 9 10 | 10.0
Fighting       | |  0.4
Stealth        | |  2.8

Action                   |  1- 3 |  4- 6 |  7- 9 | 10-12 || total
-------------------------+-------+-------+-------+-------++-------
 Cast: Fireball          |       |     1 |     2 |    17 ||    20
       Sticky Flame      |       |     1 |       |     4 ||     5
Evoke: Wand              |     2 |       |     2 |       ||     4
       Lightning rod     |     5 |     2 |       |     1 ||     8
       Condenser vane    |       |       |     1 |     1 ||     2
       Tin of tremorston |       |       |     1 |       ||     1
  Use: Potion            |       |       |     1 |     1 ||     2
Armor: Robe              |       |       |       |     1 ||     1
Dodge: Dodged            |       |       |     1 |     6 ||     7

Table legend: (Time is in decaauts)
 A = Elapsed time spent in this place.
 B = Non-inter-level travel time spent in this place.
 C = Inter-level travel time spent in this place.
 D = Time resting spent in this place.
 E = Time spent auto-exploring this place.
 F = Levels seen in this place.
 G = Mean time per level.
                   A        B        C        D        E       F      G
               +--------+--------+--------+--------+--------+-----+--------+
         Total |   1217 |   1217 |      0 |    903 |      0 |   1 | 1217.0 |
       Dungeon |   1217 |   1217 |      0 |    903 |      0 |   1 | 1217.0 |
               +--------+--------+--------+--------+--------+-----+--------+

Top non-repeatable levels by time:
       D: 1217 daAuts
